 Dungeon Crawl Stone Soup version 0.27.0-1-g7a089689b8 (webtiles) character file.

Game seed: 16132647765669184710

70 hawla the Grave Robber (level 4, -1/25 HPs)
             Began as a Deep Elf Necromancer on Aug 13, 2021.
             Killed from afar by a white imp (11 damage)
             ... with a puff of frost
             ... on level 3 of the Dungeon.
             The game lasted 00:06:54 (2763 turns).

hawla the Grave Robber (Deep Elf Necromancer)       Turns: 2763, Time: 00:06:55

Health: -1/25      AC:  4    Str:  5    XL:     4   Next: 3%
Magic:  8/12       EV: 12    Int: 24    God:
Gold:   47         SH:  3    Dex: 15    Spells: 3/11 levels left

rFire    . . .     SeeInvis .   (no weapon)
rCold    . . .     Faith    .   k - +0 buckler
rNeg     . . .     Spirit   .   c - +0 robe {Will+}
rPois    .         Reflect  .   a - +1 helmet {Int+3}
rElec    .         Harm     .   (no cloak)
rCorr    .         Rampage  .   (no gloves)
Will     +....                  (no boots)
Stlth    ++........             (no amulet)
HPRegen  0.08/turn              (no ring)
MPRegen  0.13/turn              (no ring)

@: no status effects
A: no striking features
a: no special abilities


You were on level 3 of the Dungeon.
You visited 1 branch of the dungeon, and saw 3 of its levels.

You collected 47 gold pieces.

Inventory:

Missiles
 e - a throwing net
Armour
 a - a +1 helmet of intelligence (worn)
 c - a +0 robe of willpower (worn)
 k - a +0 buckler (worn)
Jewellery
 d - a ring of poison resistance
Scrolls
 b - a scroll of fear
Potions
 g - a potion of magic {unknown}
 h - 5 potions of curing


   Skills:
 - Level 1.0 Fighting
 - Level 3.0 Dodging
 - Level 3.0 Stealth
 - Level 4.0 Spellcasting
 + Level 5.5 Necromancy


You had 3 spell levels left.
You knew the following spells:

 Your Spells              Type           Power      Damage    Failure   Level
a - Pain                  Necr           100%       1d9       1%          1
b - Vampiric Draining     Necr           15%        2d8       4%          3
c - Animate Dead          Necr           15%        N/A       17%         4

Your spell library contained the following spells:

 Spells                   Type           Power      Damage    Failure   Level
 Animate Skeleton         Necr           62%        N/A       1%          1
 Static Discharge         Conj/Air       4%         N/A       24%         2
 Dispel Undead            Necr           31%        3d14      17%         4
 Agony                    Necr           31%        N/A       43%         5
 Sticky Flame             Conj/Fire      4%         2d3       85%         4


Dungeon Overview and Level Annotations

Branches:
Dungeon (3/15)

Altars:
Uskayaw


Message History

You kill the hobgoblin!
The kobold shouts!
Unknown command.
Casting: Pain (safe; 1% risk of failure)
Confirm with . or Enter, or press ? or * to list all spells.
Aiming: Pain (safe; 1% risk of failure)
Press: ? - help, Shift-Dir - straight line, f - kobold
Aim: a kobold, wielding a +0 club (chance to affect: 93%)
The kobold writhes in agony.
Unknown command.
A white imp comes into view.
Casting: Pain (safe; 1% risk of failure)
Confirm with . or Enter, or press ? or * to list all spells.
Okay, then.
There is a stone staircase leading up here.
Casting: Pain (safe; 1% risk of failure)
Confirm with . or Enter, or press ? or * to list all spells.
Aiming: Pain (safe; 1% risk of failure)
Press: ? - help, Shift-Dir - straight line, f/p - kobold
Aim: a kobold, wielding a +0 club (moderately wounded, chance to affect: 93%)
The kobold writhes in agony.
The kobold hits you with a +0 club.
Casting: Pain (safe; 1% risk of failure)
Confirm with . or Enter, or press ? or * to list all spells.
Aiming: Pain (safe; 1% risk of failure)
Press: ? - help, Shift-Dir - straight line, f/p - kobold
Aim: a kobold, wielding a +0 club (heavily wounded, chance to affect: 93%)
The kobold barely resists.
The white imp shouts!
The kobold hits you but does no damage.
Casting: Pain (safe; 1% risk of failure)
Confirm with . or Enter, or press ? or * to list all spells.
Aiming: Pain (safe; 1% risk of failure)
Press: ? - help, Shift-Dir - straight line, f/p - kobold
Aim: a kobold, wielding a +0 club (moderately wounded, chance to affect: 93%)
The kobold writhes in agony.
The kobold misses you. The white imp gestures at you.
The puff of frost hits you! The white imp gestures at you.
The puff of frost hits you!
You die...

## 5 #. #####.#
###
...=..5###...##
#..@.....#
#...#K......#
##.#.........
...#.........
.#. ..........
..
#..##.......# .
. . ##......#
##. .......


You could see a white imp and a kobold.

Vanquished Creatures
  Jessica (D:2)
  An adder (D:2)
  A worm (D:2)
  A dart slug (D:1)
  5 bats
  3 endoplasms (D:1)
  A giant cockroach (D:1)
  A goblin (D:1)
  4 hobgoblins
  4 kobolds
  3 ball pythons (D:1)
  4 rats
29 creatures vanquished.

Notes
Turn   | Place    | Note
-------+----------+-------------------------------------------
     0 | D:1      | hawla the Deep Elf Necromancer began the quest for the Orb.
     0 | D:1      | Reached XP level 1. HP: 10/10 MP: 6/6
    41 | D:1      | Reached skill level 5 in Necromancy
   515 | D:1      | Reached XP level 2. HP: 14/15 MP: 6/8
  1577 | D:2      | Noticed Jessica
  1581 | D:2      | Killed Jessica
  1582 | D:2      | Reached XP level 3. HP: 17/20 MP: 6/10
  1894 | D:1      | Learned a level 3 spell: Vampiric Draining
  1959 | D:2      | Reached skill level 1 in Fighting
  2377 | D:2      | Found a hide-covered altar of Uskayaw.
  2551 | D:2      | Reached XP level 4. HP: 24/25 MP: 10/12
  2556 | D:2      | Learned a level 4 spell: Animate Dead
  2763 | D:3      | Killed from afar by a white imp

Illustrated notes

Levels and vault maps discovered:
D:1:      mainiacjoe_arrival_reflecting_pool, layout_loops_ring,
          chequers_serial_rivers_large_b
D:2:      layout_basic, basic_altar, uniq_jessica
D:3:      kennysheep_the_goblin_king, layout_loops_ring

Skill      XL: |  1  2  3 |
---------------+----------+-----
Necromancy     | 5 |  5.5
Dodging        | 3 |  3.0
Stealth        | 3 |  3.0
Fighting       | 1 |  1.0
Spellcasting   | 4 |  4.0

Action                   |  1- 3 |  4- 6 || total
-------------------------+-------+-------++-------
 Cast: Pain              |    51 |     5 ||    56
       Vampiric Draining |     1 |       ||     1
  Use: Scroll            |     5 |     2 ||     7
Armor: Robe              |    10 |     1 ||    11
Dodge: Dodged            |    15 |     1 ||    16
Block: Buckler           |     2 |       ||     2
